Map: Temple gelé

Players

zidar

  • Race: Zerg Zerg
  • League: Platinum
  • Spawn Location: 11:00

Rogue - Winner!

  • Race: Terran Terran
  • League: Gold
  • Spawn Location: 5:00

VOD

Have the link to the VOD?

Description

Time

  • Played on: Nov. 19, 2016, 11:15 a.m.
  • Length: 23:50
Show
View Real Time Build Order
Export as new Build Order

zidar Zerg 

Build Orders: Hatch First, Brood Lord Corruptor 

Get SALT Encoding   

  12  0:01  Drone  
  13  0:12  Overlord  
  13  0:17  Drone  
  14  0:30  Drone x2  
  16  0:52  Hatchery  
  16  0:55  Drone  
  16  0:59  Extractor  
  16  1:01  Drone  
  16  1:21  Spawning Pool  
  14  1:27  Drone  
  14  1:28  Drone  
  16  1:34  Drone  
  17  1:41  Drone  
  18  1:49  Drone  
  19  2:08  Metabolic Boost  
  19  2:09  Queen  
  19  2:12  Queen  
  23  2:18  Zergling x2  
  23  2:19  Zergling x2  
  23  2:22  Zergling x2  
  26  2:45  Roach Warren  
  25  2:54  Drone x3  
  28  2:58  Overlord  
  28  2:59  Overlord  
  28  3:06  Extractor  
  28  3:07  Drone  
  28  3:25  Roach  
  28  3:26  Roach x4  
  38  3:41  Drone x5  
  43  3:49  Pneumatized Carapace  
  43  3:54  Ravager  
  44  4:01  Overlord  
  44  4:14  Overlord  
  43  4:31  Overlord  
  43  4:37  Roach x4  
  51  4:49  Lair  
  51  4:52  Evolution Chamber, Drone x6  
  56  5:14  Extractor  
  55  5:16  Drone x3  
  55  5:17  Extractor  
  55  5:18  Drone  
  58  5:24  Ravager  
  58  5:28  Overlord x3  
  59  5:46  Drone x5  
  64  6:02  Hatchery  
  63  6:11  Drone x7  
  69  6:16  Drone  
  69  6:17  Drone  
  72  6:24  Spire  
  72  6:25  Glial Reconstitution  
  71  6:31  Zerg Ground Armor Level 1  
  71  6:52  Overlord x2  
  71  6:53  Overlord  
  71  6:56  Roach x6  
  83  7:27  Extractor  
  82  7:31  Extractor  
  81  7:43  Infestation Pit  
  80  7:49  Queen  
  82  7:51  Evolution Chamber  
  82  7:52  Drone x14  
  95  8:12  Queen  
  95  8:19  Zerg Melee Weapons Level 1  
  97  8:21  Hive  
  97  8:22  Drone x5  
  102  8:34  Overlord x2  
  102  8:35  Overlord x2  
  102  8:42  Zerg Ground Armor Level 2  
  102  9:06  Drone x3  
  102  9:08  Drone x5  
  102  9:09  Drone x2  
  112  9:13  Hatchery  
  111  9:32  Queen  
  111  9:33  Adrenal Glands  
  111  9:36  Greater Spire  
  113  9:41  Spire  
  113  9:42  Drone  
  113  9:53  Pathogen Glands, Hatchery  
  112  10:05  Drone  
  113  10:11  Corruptor  
  113  10:12  Corruptor x4  
  113  10:13  Corruptor x4  
  129  10:14  Extractor  
  129  10:15  Extractor  
  129  10:20  Roach  
  129  10:21  Roach x3  
  137  10:23  Overlord x4  
  137  10:24  Overlord  
  137  10:51  Brood Lord x4  
  137  10:55  Corruptor x3  
  137  10:56  Corruptor x3  
  137  10:57  Corruptor  
  157  10:59  Brood Lord  
  161  11:06  Zerg Flyer Armor Level 1  
  161  11:09  Zerg Flyer Weapons Level 1  
  161  11:37  Roach x6  
  161  11:38  Roach x7  
  161  11:39  Roach  
  189  11:45  Overlord x3  
  189  11:46  Overlord x2  
  189  12:13  Mutalisk  
  189  12:14  Mutalisk x4  
  199  12:38  Zerg Melee Weapons Level 2  
  199  12:41  Zerg Ground Armor Level 3  
  165  13:17  Roach x20  
  165  13:18  Roach x8  
  171  13:29  Mutalisk  
  171  13:30  Mutalisk x2  
  171  13:50  Corruptor x2  
  171  13:51  Corruptor  
  155  14:08  Ravager  
  155  14:09  Ravager x2  
  150  14:11  Ravager  
  140  14:36  Brood Lord  
  142  14:41  Brood Lord  
  144  15:34  Corruptor x4  
  144  15:35  Corruptor x3  
  143  16:02  Zerg Melee Weapons Level 3  
  141  16:09  Ultralisk Cavern  
  134  16:22  Mutalisk x4  
  126  16:51  Zerg Missile Weapons Level 1  
  126  16:58  Baneling Nest  
  125  17:04  Hydralisk Den  
  124  17:36  Chitinous Plating  
  124  17:39  Ultralisk  
  124  17:40  Ultralisk x2  
  140  18:13  Spore Crawler x2  
  140  18:14  Spore Crawler x2, Drone  
  140  18:15  Drone x10  
  140  18:16  Spore Crawler x2  
  140  18:18  Spore Crawler x2  
  143  18:28  Hydralisk x15  
  161  18:57  Hatchery  
  97  19:12  Hydralisk x7  
  97  20:00  Overlord  
  97  20:01  Overlord x9  
  97  20:30  Extractor  
  97  20:33  Drone  
  97  20:36  Drone x6  
  97  20:37  Drone x4  
  97  20:38  Drone x3  
  97  20:39  Drone x2  
  112  20:43  Hydralisk x4  
  112  20:44  Hydralisk x3  
  126  20:56  Zergling x24  
  126  20:57  Zergling x8  
  142  20:58  Zergling x2  
  143  21:11  Drone x2  
  143  21:12  Drone  
  143  21:17  Drone x2  
  143  21:18  Drone  
  149  21:22  Extractor  
  149  21:23  Extractor  
  147  21:30  Overlord x3  
  144  21:41  Ultralisk x2  
  144  22:36  Ultralisk  
  146  22:49  Hatchery  
Show
View Real Time Build Order
Export as new Build Order

Rogue Terran - Winner!

Build Orders: Command Center First (CC) 

Get SALT Encoding   

  12  0:01  SCV  
  13  0:13  SCV  
  14  0:25  SCV  
  14  0:27  Supply Depot  
  15  0:56  Command Center  
  15  0:59  SCV  
  16  1:11  SCV  
  17  1:31  Barracks  
  17  1:33  Supply Depot  
  17  1:35  SCV  
  17  1:38  Refinery  
  18  1:41  Refinery  
  18  1:53  SCV  
  19  1:56  Supply Depot  
  19  2:05  SCV  
  20  2:15  SCV  
  21  2:18  SCV  
  21  2:19  Marine  
  23  2:27  Bunker  
  23  2:34  Factory  
  23  2:35  SCV  
  24  2:38  SCV  
  24  2:42  Marine  
  26  2:47  SCV  
  27  2:52  SCV  
  28  2:59  SCV  
  28  3:03  Marine, Refinery  
  30  3:10  SCV  
  30  3:11  SCV  
  32  3:17  Factory Tech Lab  
  32  3:23  SCV x2  
  32  3:26  Marine  
  35  3:30  Refinery  
  35  3:35  Orbital Command  
  35  3:38  Siege Tank  
  38  3:42  SCV  
  39  3:54  SCV  
  40  4:21  Orbital Command  
  40  4:24  Marine  
  40  4:28  Siege Tank  
  40  4:30  SCV  
  45  4:34  Factory  
  45  4:42  SCV  
  45  4:44  Starport  
  45  4:45  Starport  
  46  4:51  Marine  
  47  4:54  SCV  
  48  5:01  Engineering Bay  
  48  5:06  SCV  
  49  5:10  Siege Tank  
  52  5:18  SCV  
  52  5:20  Command Center  
  53  5:29  Missile Turret  
  53  5:36  Missile Turret  
  53  5:37  Starport Reactor, Missile Turret, Starport Tech Lab  
  53  5:38  Factory Tech Lab  
  53  5:40  Marine  
  54  5:49  Barracks x2  
  54  5:58  SCV x2  
  54  6:00  Supply Depot x2  
  56  6:05  Siege Tank  
  56  6:10  SCV  
  60  6:19  Liberator x2  
  60  6:22  Siege Tank  
  63  6:34  Fusion Core  
  63  6:39  Barracks Tech Lab, Barracks Reactor  
  69  6:42  Barracks Reactor  
  69  6:47  Orbital Command  
  69  6:49  Terran Infantry Armor Level 1  
  69  6:54  SCV x2  
  69  6:59  Orbital Command  
  69  7:00  Medivac  
  73  7:16  Starport  
  73  7:20  Siege Tank x2  
  73  7:22  Advanced Ballistics  
  79  7:24  Viking  
  79  7:25  Medivac  
  79  7:26  Marine x2  
  79  7:29  Combat Shield  
  85  7:39  Viking  
  85  7:43  SCV x2  
  89  7:52  Siege Tank  
  89  7:53  Starport Reactor  
  89  7:55  SCV  
  93  8:02  Viking, Medivac  
  97  8:13  Supply Depot  
  97  8:14  Siege Tank  
  97  8:15  Supply Depot  
  97  8:17  Supply Depot  
  97  8:18  Marine  
  101  8:26  Orbital Command  
  101  8:28  Liberator  
  101  8:35  Marine x2  
  101  8:36  Marine  
  104  8:45  Viking, Medivac  
  111  8:48  Viking, Stimpack  
  111  8:52  Marine  
  114  9:02  SCV x3  
  117  9:11  Siege Tank x2  
  117  9:14  SCV  
  117  9:16  Marine  
  125  9:20  Liberator  
  125  9:21  Refinery  
  125  9:25  Refinery  
  125  9:31  Missile Turret  
  125  9:37  Marine x3, Medivac  
  133  9:41  Marine x2, Supply Depot  
  133  9:42  Supply Depot  
  133  9:44  Viking  
  137  9:49  Missile Turret  
  137  9:54  Marine x2, Medivac  
  141  10:02  Marine x3, Viking  
  141  10:04  SCV x3  
  149  10:12  Marine x2  
  151  10:16  SCV x3  
  151  10:19  Bunker  
  151  10:20  Marine x2  
  156  10:24  Bunker  
  156  10:36  Terran Infantry Weapons Level 1  
  156  10:38  Siege Tank x2  
  162  10:45  Supply Depot  
  162  10:46  Supply Depot  
  162  11:02  Liberator  
  162  11:03  Liberator  
  162  11:09  Marine x3, Supply Depot x2  
  162  11:10  Marine x2, Siege Tank x2  
  173  11:11  Liberator x2  
  179  11:31  Medivac  
  187  11:54  Starport  
  187  11:59  Starport  
  187  12:01  Viking  
  189  12:02  Viking x2  
  193  12:11  Viking x2  
  197  12:18  Missile Turret x2  
  197  12:19  Marine x3  
  200  12:40  Armory  
  200  12:44  Armory  
  200  12:45  Armory  
  152  13:25  Viking  
  152  13:26  Viking x6  
  147  13:32  Marine x5  
  148  13:49  Marine  
  148  13:50  Marine x2  
  148  13:51  Siege Tank x2  
  157  13:55  Viking  
  157  13:56  Viking  
  161  14:09  Liberator  
  161  14:10  Liberator  
  161  14:23  Siege Tank x2  
  170  14:42  Terran Vehicle Weapons Level 1  
  170  14:43  Terran Ship Weapons Level 1, Terran Vehicle And Ship Armor Level 1  
  170  15:01  Factory  
  170  15:05  Factory, Liberator x2  
  170  15:06  Liberator  
  164  15:08  Marine x2, Command Center  
  164  15:09  Marine x3  
  169  15:26  Marine x3  
  169  15:27  Marine  
  177  15:51  Refinery x2  
  177  15:52  Liberator x2  
  171  16:38  Siege Tank  
  171  16:39  Siege Tank  
  174  16:49  Orbital Command  
  174  17:04  Marine x5  
  179  17:22  Marine x5  
  184  17:37  Factory Tech Lab  
  184  17:38  Factory Tech Lab  
  184  17:39  Marine  
  184  17:40  Marine  
  186  17:48  SCV x2  
  187  18:22  Siege Tank x4  
  178  19:08  Liberator x2  
  178  19:09  Liberator  
  163  19:28  Marine x3  
  163  19:29  Marine x2  
  172  19:46  Marine x5  
  174  20:04  Marine x5  
  174  20:05  Siege Tank x3  
  188  20:09  Siege Tank  
  188  20:12  Terran Infantry Weapons Level 2  
  191  20:21  Marine  
  191  20:22  Marine x4  
  196  20:37  Siege Tank  
  196  20:40  Marine  
  200  20:44  Command Center  
  200  20:47  Command Center  
  200  21:27  Command Center  
  200  21:31  Command Center  
  200  22:08  Planetary Fortress x2  
Tags
 
Add a new tag
Caveats
  • Supply blocks, unpowered buildings, or Contaminate may cause inaccurate times.
  • Supply counts are checked every 10 seconds.